 Dungeon Crawl Stone Soup version 0.27-a0-906-g0a00ce863d (webtiles) character file.

Game seed: 14974906858362897162

20272 dnedksv the Geomancer (level 12, -7/108 HPs)
             Began as a Gargoyle Earth Elementalist on Apr 7, 2021.
             Was a Priest of Vehumet.
             Mangled by Kirke (8 damage)
             ... on level 12 of the Dungeon.
             The game lasted 00:29:11 (14467 turns).

dnedksv the Geomancer (GrEE)                       Turns: 14467, Time: 00:29:12

Health: -7/108     AC:  0    Str: 12    XL:     12   Next: 77%
Magic:  23/24      EV: 15    Int: 21    God:    Vehumet [***...]
Gold:   1949       SH:  5    Dex: 10    Spells: 17/28 levels left

rFire    . . .     SeeInvis .   (weapon currently unavailable)
rCold    . . .     Faith    .   (shield currently unavailable)
rNeg     + . .     Spirit   .   (armour currently unavailable)
rPois    ∞         Reflect  +   (helmet currently unavailable)
rElec    .         Harm     .   (cloak currently unavailable)
rCorr    .         Rampage  .   (gloves currently unavailable)
Will     .....                  (boots currently unavailable)
Stlth    ..........             f - amulet of reflection
HPRegen  0.28/turn              (ring currently unavailable)
MPRegen  0.19/turn              (ring currently unavailable)

@: berserking (expiring), pig-form, very slightly contaminated, slowed,
invisible, very quick
A: fast, no casting, AC +8, small, negative energy resistance 1, (electricity
resistance), torment resistance 1, (unbreathing 1), petrification resistance,
(hooves 1), (iridescent scales 1), wild magic 1
a: Renounce Religion


You were on level 12 of the Dungeon.
You worshipped Vehumet.
Vehumet was most pleased with you.
You were a filthy swine.
You visited 2 branches of the dungeon, and saw 14 of its levels.

You collected 2027 gold pieces.
You spent 78 gold pieces at shops.

Inventory:

Hand Weapons
 C - a +5 scimitar (melded)
 J - a +5 flail
Missiles
 b - 351 stones
 i - 4 boomerangs of dispersal
 p - 12 curare-tipped darts
Armour
 c - a +0 robe
 d - +0 steam dragon scales
 k - a +0 helmet (melded)
 u - the +1 leather armour of Xicab (melded) {+Inv Int+6}
   (You found it on level 6 of the Dungeon)

   It affects your intelligence (+6).
   It lets you turn invisible.
 x - a +0 cloak (melded)
 I - a +2 pair of gloves of archery (melded)
Jewellery
 e - a ring of resist corrosion
 f - an amulet of reflection (around neck)
 q - a ring of protection from fire
 t - a ring of flight
 y - a +4 ring of protection (melded)
 K - a ring of ice
Wands
 r - a wand of random effects (19)
 s - a wand of charming (5)
 B - a wand of mindburst (21)
 D - a wand of polymorph (6)
 F - a wand of digging (6)
Scrolls
 a - a scroll of magic mapping
 l - 2 scrolls of amnesia
 v - 2 scrolls of holy word
 w - 2 scrolls of enchant weapon
 E - 12 scrolls of teleportation
Potions
 g - 2 potions of cancellation
 h - 3 potions of might
 j - 5 potions of curing
 m - 3 potions of flight
 n - 2 potions of berserk rage
 z - 2 potions of invisibility
 A - a potion of attraction
 G - a potion of brilliance
Miscellaneous
 o - a phantom mirror
 H - a condenser vane (inert)


   Skills:
 + Level 7.0 Fighting
 + Level 6.0 Long Blades
 - Level 6.0 Armour
 + Level 5.7 Dodging
 - Level 2.1 Stealth
 + Level 8.5 Spellcasting
 + Level 9.3 Conjurations
 - Level 0.7 Transmutations
 + Level 11.2 Earth Magic
 + Level 6.0 Evocations


You had 17 spell levels left.
You knew the following spells:

 Your Spells              Type           Power      Damage    Failure   Level
a - Sandblast             Erth           100%       2d20      1%          1
b - Stone Arrow           Conj/Erth      100%       3d13      1%          3
c - Lee's Rapid Deconstr  Erth           32%        3d17*     1%          5
d - Passwall              Tmut/Erth      36%        N/A       2%          2

Your spell library contained the following spells:

 Spells                   Type           Power      Damage    Failure   Level
 Conjure Flame            Conj/Fire      37%        6-21      1%          3
 Magic Dart               Conj           100%       1d8       1%          1
 Searing Ray              Conj           100%       3d7       1%          2
 Dazzling Flash           Conj/Hex       74%        N/A       1%          3
 Fulminant Prism          Conj/Hex       18%        3d11      4%          4
 Iskenderun's Mystic Bla  Conj/Tloc      37%        2d9       4%          4
 Beastly Appendage        Tmut           30%        N/A       9%          1
 Petrify                  Tmut/Erth      44%        N/A       10%         4
 Wereblood                Tmut           15%        N/A       13%         2
 Spider Form              Tmut/Pois      6%         N/A       26%         3
 Confusing Touch          Hex            11%        N/A       30%         3
 Gell's Gravitas          Tloc           5%         N/A       30%         3
 Yara's Violent Unravell  Hex/Tmut       6%         3d5       45%         5
 Ice Form                 Ice/Tmut       13%        N/A       63%         4
 Hydra Form               Tmut           7%         N/A       88%         5
 Metabolic Englaciation   Hex/Ice        5%         N/A       95%         5


Dungeon Overview and Level Annotations

Branches:
Dungeon (13/15)            Temple (1/1) D:7            Lair (0/6) D:11
    Orc (0/2) D:11
 Vaults: D:13-14

Altars:
Ashenzari
Cheibriados
Elyvilon
Fedhas
Gozag
Hepliaklqana
Kikubaaqudgha
Makhleb
Nemelex Xobeh
Okawaru
Qazlal
Ru
Sif Muna
Uskayaw
Vehumet
Wu Jian
Xom
Yredelemnul
Zin
The Shining One
Lugonu

Shops:
D:7 !   D:11 [

Annotations:
D:5 2 transporters, philipeq's ghost, amateur DsMo
D:12 Kirke


Innate Abilities, Weirdness & Mutations

You are a filthy swine.
You move quickly.
Your equipment is almost entirely melded.
You are incapable of wielding weapons or throwing items.
You cannot cast spells.
((Your stone body is resilient. (AC +8)))
You are immune to poison.
You resist negative energy. (rN+)
((You are resistant to electric shocks. (rElec)))
You are resistant to unholy torment.
((You can survive without breathing.))
You are immune to petrification.
((You have large cloven feet.))
((You are partially covered in iridescent scales. (AC +2)))
Your spells are a little harder to cast, but a little more powerful.


Message History

Kirke points at you and mumbles some strange words.
You feel as though you will be slow longer.
A red film seems to cover your vision as you go berserk!
You feel yourself moving faster!
You feel mighty! Kirke hits you!
* * * LOW HITPOINT WARNING * * *
You slash Kirke!
Kirke is moderately wounded.
Kirke misses you.
You barely miss Kirke. Your kick misses Kirke.
Kirke is moderately wounded.
You block Kirke's attack.
You slice Kirke!! You kick Kirke!
Kirke is heavily wounded.
Kirke points at you and mumbles some strange words.
You turn into a filthy swine.
Your +5 scimitar melds into your body.
Your +0 cloak melds into your body.
Your +0 helmet melds into your body.
Your +2 pair of gloves of archery melds into your body.
The +1 leather armour of Xicab {+Inv Int+6} melds into your body.
Your +4 ring of protection melds into your body.
Your aim is not that steady anymore.
You barely miss Kirke.
Kirke is heavily wounded.
Kirke gestures at you while chanting.
You feel a momentary urge to oink.
Unknown command.
You closely miss Kirke.
Kirke is heavily wounded.
You block Kirke's attack.
Unknown command.
You bite Kirke!
Kirke is severely wounded.
You hit Kirke.
Kirke is severely wounded.
Kirke hits you.
* * * LOW HITPOINT WARNING * * *
Unknown command.
You completely miss Kirke.
Kirke is severely wounded.
Kirke hits you!
You die...

#### ############ #..#
#..........# #..#
#..#########
######..#######..#########
.........................#
######...................#
#...######..#########
#...# #.h#
######...######.@#########
................k...>....#
.........................#
.........................#
..########...............#
..########...............#
.........................#
.........................#


You could see Kirke and a lindwurm (summoned).

Vanquished Creatures
  Snorg (D:11)
  2 boulder beetles
  3 hydras
  4 two-headed ogres
  3 skeletal warriors
  A fire crab (shapeshifter) (D:11)
  A deep elf zephyrmancer (D:10)
  A cyclops (D:13)
  An ugly thing (D:12)
  A manticore (D:13)
  2 trolls
  A merfolk (D:10)
  6 slime creatures
  2 wyverns
  2 wraiths
  2 shadows (D:9)
  12 yaks
  4 vampire mosquitoes (D:13)
  A steam dragon (D:9)
  An acid dragon (D:11)
  2 water moccasins
  2 black bears (D:5)
  7 orc warriors
  2 ice beasts (D:7)
  6 centaurs
  3 necrophages
  A phantom (D:5)
  3 bullfrogs
  4 kobold brigands
  3 scorpions
  The ghost of anet the Quickloader, a weakling GnHu (D:3)
  8 killer bees
  4 wights (D:8)
  A howler monkey (D:8)
  A crimson imp (D:10)
  5 centaur zombies
  5 jellies
  7 hounds
  Crazy Yiuf (D:7)
  5 orc priests
  A bullfrog skeleton (D:5)
  2 centaur skeletons (D:7)
  5 orc wizards
  3 iguanas
  A killer bee zombie (D:4)
  A hound skeleton (D:4)
  A howler monkey zombie (D:9)
  A mummy (D:5)
  4 adders
  A howler monkey skeleton (D:6)
  A shadow imp (D:6)
  An ufetubus (D:5)
  3 worms (D:3)
  2 dart slugs (D:2)
  36 orcs
  4 ball pythons
  4 endoplasms (D:4)
  4 goblins
  8 hobgoblins
  7 jackals
  4 quokkas
  6 bats
  4 frilled lizards
  A hobgoblin zombie (D:5)
  8 kobolds
  2 kobold zombies (D:5)
  An orc zombie (D:5)
  5 rats
243 creatures vanquished.

Vanquished Creatures (others)
  A kobold (D:10)
1 creature vanquished.

Grand Total: 244 creatures vanquished

Notes
Turn   | Place    | Note
-------+----------+-------------------------------------------
     0 | D:1      | dnedksv the Gargoyle Earth Elementalist began the quest for
                  | the Orb.
     0 | D:1      | Reached XP level 1. HP: 10/10 MP: 3/3
   138 | D:1      | Reached skill level 4 in Earth Magic
   138 | D:1      | Reached XP level 2. HP: 6/15 MP: 1/5
  1348 | D:2      | Reached XP level 3. HP: 15/19 MP: 6/6
  1490 | D:2      | Found a faded altar of an unknown god.
  1615 | D:2      | Found a stormy altar of Qazlal.
  1891 | D:2      | Learned a level 3 spell: Stone Arrow
  2375 | D:3      | Identified a scroll of acquirement
  2375 | D:3      | Acquired 402 gold pieces
  2650 | D:3      | Found an ornate altar of the Wu Jian Council.
  2912 | D:3      | Found a runed translucent door.
  2942 | D:3      | Noticed anet's ghost (weakling GnHu)
  2952 | D:3      | Killed anet's ghost
  2953 | D:3      | Reached skill level 1 in Conjurations
  2953 | D:3      | Reached skill level 5 in Earth Magic
  2953 | D:3      | Reached XP level 4. HP: 14/24 MP: 2/8
  3660 | D:4      | Reached XP level 5. HP: 28/28 MP: 7/10
  3913 | D:4      | Found a hide-covered altar of Uskayaw.
  4201 | D:4      | Reached XP level 6. HP: 24/32 MP: 11/11
  4636 | D:4      | Learned a level 5 spell: Lee's Rapid Deconstruction
  4795 | D:4      | Reached skill level 6 in Earth Magic
  5330 | D:5      | Entered Level 5 of the Dungeon
  5330 | D:5      | Noticed a black bear
  5339 | D:5      | Killed a black bear
  5340 | D:5      | Reached XP level 7. HP: 29/36 MP: 13/13
  5418 | D:5      | Found a transporter.
  5458 | D:5      | Noticed philipeq's ghost (amateur DsMo)
  5479 | D:5      | Reached skill level 7 in Earth Magic
  5682 | D:5      | Reached skill level 5 in Spellcasting
  5684 | D:5      | Reached XP level 8. HP: 17/41 MP: 11/15
  5690 | D:5      | Reached skill level 5 in Conjurations
  6043 | D:5      | Found a sacrificial altar of Ru.
  6188 | D:5      | Found a transporter.
  6347 | D:5      | Found a hazy altar of Hepliaklqana.
  6608 | D:6      | Reached skill level 8 in Earth Magic
  6637 | D:6      | Identified the +1 leather armour of Xicab {+Inv Int+6}
  7011 | D:6      | Reached skill level 1 in Fighting
  7011 | D:6      | Reached skill level 1 in Armour
  7240 | D:6      | Found a radiant altar of Vehumet.
  7250 | D:6      | Learned a level 2 spell: Passwall
  7253 | D:6      | Became a worshipper of Vehumet
  7448 | D:7      | Reached skill level 1 in Long Blades
  7448 | D:7      | Reached skill level 1 in Evocations
  7643 | D:7      | Reached XP level 9. HP: 46/47 MP: 14/18
  7765 | D:7      | Found Ycsi's Distillery.
  7778 | D:7      | Bought a potion of curing for 39 gold pieces
  7778 | D:7      | Bought a potion of curing for 39 gold pieces
  7866 | D:7      | Found a staircase to the Ecumenical Temple.
  7890 | Temple   | Entered the Ecumenical Temple
  7949 | D:7      | Found a white marble altar of Elyvilon.
  8005 | D:7      | Found a runed translucent door.
  8006 | D:7      | Noticed Crazy Yiuf
  8010 | D:7      | Killed Crazy Yiuf
  8499 | D:8      | Reached * piety under Vehumet
  8499 | D:8      | Offered knowledge of Foxfire by Vehumet.
  8881 | D:8      | Acquired 755 gold pieces
  9067 | D:8      | Found a blossoming altar of Fedhas.
  9470 | D:9      | Reached skill level 9 in Earth Magic
  9521 | D:9      | Reached XP level 10. HP: 56/56 MP: 12/19
  9692 | D:9      | Found a shimmering altar of Xom.
 10263 | D:9      | Reached ** piety under Vehumet
 10263 | D:9      | Offered knowledge of Shock by Vehumet.
 10551 | D:10     | Entered Level 10 of the Dungeon
 10759 | D:10     | Gained mutation: You have large cloven feet. [potion of
                  | mutation]
 10759 | D:10     | Gained mutation: Your spells are a little harder to cast,
                  | but a little more powerful. [potion of mutation]
 10759 | D:10     | Gained mutation: You are partially covered in iridescent
                  | scales. (AC +2) [potion of mutation]
 10813 | D:10     | Noticed a deep elf zephyrmancer
 10819 | D:10     | Killed a deep elf zephyrmancer
 11022 | D:10     | Found a burning altar of Makhleb.
 11024 | D:10     | Found an iron altar of Okawaru.
 11024 | D:10     | Found a broken altar of Ashenzari.
 11025 | D:10     | Noticed a two-headed ogre
 11033 | D:10     | Killed a two-headed ogre
 11060 | D:10     | Reached XP level 11. HP: 37/62 MP: 5/21
 11061 | D:10     | Reached skill level 5 in Armour
 11100 | D:10     | Noticed a two-headed ogre
 11223 | D:10     | Found an opulent altar of Gozag.
 11230 | D:10     | Found a glowing silver altar of Zin.
 11264 | D:10     | Found a basalt altar of Yredelemnul.
 11266 | D:10     | Found an ancient bone altar of Kikubaaqudgha.
 11267 | D:10     | You fall into a shaft and drop 1 floor!
 11267 | D:11     | Found a staircase to the Lair.
 11268 | D:11     | Noticed a skeletal warrior
 11269 | D:11     | Noticed a boulder beetle
 11281 | D:11     | Found Yjisaurut's Armour Shop.
 11281 | D:11     | Found a staircase to the Orcish Mines.
 11281 | D:11     | Noticed a skeletal warrior
 11283 | D:11     | Noticed a skeletal warrior
 11293 | D:11     | Killed a skeletal warrior
 11294 | D:11     | Reached skill level 5 in Fighting
 11433 | D:10     | Killed a skeletal warrior
 11434 | D:10     | Reached skill level 10 in Earth Magic
 11437 | D:10     | Killed a skeletal warrior
 11437 | D:10     | Offered knowledge of Static Discharge by Vehumet.
 11670 | D:11     | Killed a boulder beetle
 11675 | D:11     | Noticed Snorg
 11683 | D:11     | Killed Snorg
 12124 | D:11     | Noticed a fire crab
 12134 | D:11     | Killed a fire crab
 12135 | D:11     | Reached skill level 5 in Long Blades
 12540 | D:11     | Noticed a six-headed hydra
 12546 | D:11     | Killed a six-headed hydra
 12547 | D:11     | Reached skill level 5 in Evocations
 12690 | D:12     | Noticed a two-headed ogre
 12694 | D:12     | Killed a two-headed ogre
 12695 | D:12     | Reached skill level 5 in Dodging
 12695 | D:12     | Reached XP level 12. HP: 59/70 MP: 13/23
 13066 | D:12     | Noticed a six-headed hydra
 13072 | D:12     | Killed a six-headed hydra
 13072 | D:12     | Reached *** piety under Vehumet
 13325 | D:12     | Noticed a two-headed ogre
 13338 | D:12     | Killed a two-headed ogre
 13760 | D:13     | Noticed a two-headed ogre
 13768 | D:13     | Killed a two-headed ogre
 13769 | D:13     | Reached skill level 11 in Earth Magic
 14340 | D:13     | Noticed a boulder beetle
 14347 | D:12     | Killed a boulder beetle
 14429 | D:13     | Noticed a six-headed hydra
 14433 | D:13     | Killed a six-headed hydra
 14433 | D:13     | Offered knowledge of Conjure Flame by Vehumet.
 14443 | D:13     | Noticed Kirke
 14444 | D:13     | Noticed a two-headed ogre
 14459 | D:12     | HP: 4/108 [Kirke (12)]
 14466 | D:12     | HP: 1/108 [Kirke (5)]
 14467 | D:12     | Mangled by Kirke

Illustrated notes

Levels and vault maps discovered:
D:1:      grunt_arrival_lava_bath, layout_basic, serial_forest,
          infiniplex_forest_3_way, infiniplex_forest_straight_4,
          infiniplex_forest_lined_ring, infiniplex_forest_lined_3,
          infiniplex_forest_lined_3_way, infiniplex_forest_lined_room_,
          infiniplex_forest_clump_double, infiniplex_forest_end_2,
          infiniplex_forest_lined_room_2
D:2:      layout_basic, basic_ecumenical_altar, basic_altar
D:3:      layout_basic, nicolae_overflow_crystal_walls,
          hellmonk_ghost_happy_afterlife
D:4:      layout_basic, lemuel_crystal_altar
D:5:      layout_rooms, nicolae_ru_the_path_less_chosen, kennysheep_mini_moat,
          gammafunk_ghost_smash, minmay_mini_ossuary
D:6:      layout_cave_pools, nicolae_overflow_hidden_temple
D:7:      layout_basic, lemuel_doored_altar, minmay_temple_entry_trees,
          serial_shops, nicolae_shop_statue_plus, chequers_garden,
          uniq_crazy_yiuf_cottage
D:8:      layout_rooms, general_overflow_altar
D:9:      minmay_bubble_buster, layout_cave_pools, dk_xom_monty_hall,
          minmay_misc_feat_alley, hangedman_decor_peaks_small
D:10:     layout_long_grid, kennysheep_little_box, grunt_temple_overflow_open,
          nicolae_dithmenos_through_a_glass_darkly, hangedman_stone_soup,
          lightli_orcish_oven
D:11:     layout_rooms, lair_entry_dummy, orc_david_3, kennysheep_nondescript,
          uniq_snorg
D:12:     layout_long_grid, mrwooster_statue_mirror
D:13:     layout_loops_ring, nicolae_transmutations_shop, uniq_kirke
Temple:   corrupted_temple

Skill      XL: |  1  2  3  4  5  6  7  8  9 10 11 12 |
---------------+-------------------------------------+-----
Earth Magic    | 4 5 6 7 8 9 10 11 | 11.2
Spellcasting   | 3 4 5 6 7 8 |  8.5
Conjurations   | 1 2 3 4 6 7 8 9 |  9.3
Fighting       | 1 3 4 6 7 |  7.0
Armour         | 1 3 4 6 |  6.0
Dodging        | 2 3 4 5 |  5.7
Long Blades    | 1 2 3 5 6 |  6.0
Evocations     | 1 2 3 5 6 |  6.0
Stealth        | |  2.1
Transmutations | |  0.7

Action                   |  1- 3 |  4- 6 |  7- 9 | 10-12 || total
-------------------------+-------+-------+-------+-------++-------
Melee: Falchion          |    97 |    35 |       |       ||   132
       Unarmed           |     2 |       |       |     5 ||     7
       Mace              |       |   109 |   205 |       ||   314
       Scimitar          |       |       |    68 |    92 ||   160
       Kick              |       |       |       |    15 ||    15
 Cast: Sandblast         |    20 |     9 |    38 |    35 ||   102
       Lee's Rapid Decon |       |       |     2 |    23 ||    25
       Passwall          |       |       |     2 |       ||     2
       Stone Arrow       |       |       |    18 |    96 ||   114
Evoke: Wand              |       |       |     4 |     1 ||     5
       Condenser vane    |       |       |       |     1 ||     1
  Use: Scroll            |    10 |     5 |     5 |    10 ||    30
       Potion            |       |       |     2 |     7 ||     9
 Stab: Sleeping          |     3 |     5 |     1 |       ||     9
Armor: Robe              |    41 |    66 |    60 |       ||   167
       Leather armour    |       |       |   166 |   108 ||   274
Dodge: Dodged            |    75 |    97 |   267 |   114 ||   553
Block: Other             |     1 |    35 |    84 |    60 ||   180
       Reflection        |       |       |     2 |     1 ||     3
       Rpst.: Falchion   |    32 |     8 |       |       ||    40
       Scimitar          |       |       |     9 |    21 ||    30

Table legend: (Time is in decaauts)
 A = Elapsed time spent in this place.
 B = Non-inter-level travel time spent in this place.
 C = Inter-level travel time spent in this place.
 D = Time resting spent in this place.
 E = Time spent auto-exploring this place.
 F = Levels seen in this place.
 G = Mean time per level.
                   A        B        C        D        E       F      G
               +--------+--------+--------+--------+--------+-----+--------+
         Total |  14674 |  14320 |    354 |   2353 |   9428 |  14 | 1048.1 |
       Dungeon |  14656 |  14311 |    345 |   2353 |   9419 |  13 | 1127.4 |
        Temple |     18 |      9 |      9 |      0 |      9 |   1 |   18.0 |
               +--------+--------+--------+--------+--------+-----+--------+

Top non-repeatable levels by time:
     D:4: 1789 daAuts
    D:12: 1376 daAuts
     D:3: 1266 daAuts
     D:2: 1249 daAuts
     D:9: 1233 daAuts
    D:10: 1215 daAuts
     D:7: 1176 daAuts
     D:5: 1176 daAuts
     D:1: 1104 daAuts
     D:6: 996 daAuts
    D:11: 917 daAuts
     D:8: 742 daAuts
    D:13: 411 daAuts
  Temple: 18 daAuts
